Map: Hard Lead LE

Players

Raines

  • Race: Zerg Zerg
  • Spawn Location: 5:00

Cyfa - Winner!

  • Race: Zerg Zerg
  • League: Master
  • Spawn Location: 11:00

VOD

Have the link to the VOD?

Description

Time

  • Played on: Jan. 26, 2024, 5:01 p.m.
  • Length: 7:03
Show
View Real Time Build Order
Export as new Build Order

Raines Zerg 

Build Orders: Hatch First 

Get SALT Encoding   

  12  0:00  Drone  
  13  0:12  Overlord  
  13  0:16  Drone  
  14  0:30  Drone x2  
  16  0:49  Hatchery  
  15  0:52  Drone  
  15  0:55  Drone  
  17  0:57  Drone  
  18  1:08  Extractor  
  17  1:14  Spawning Pool  
  17  1:16  Drone  
  17  1:19  Drone  
  18  1:28  Drone  
  23  2:01  Zergling x8, Queen  
  23  2:02  Queen  
  27  2:14  Spine Crawler  
  26  2:27  Drone  
  26  2:28  Overlord  
  28  2:30  Overlord  
  28  2:33  Metabolic Boost  
  28  2:50  Drone x3  
  31  2:53  Drone  
  31  2:55  Hatchery  
  31  3:08  Baneling Nest  
  31  3:12  Drone x4  
  34  3:14  Drone  
  34  3:17  Drone  
  36  3:30  Overlord  
  36  3:42  Evolution Chamber  
  36  3:43  Drone x3, Roach Warren  
  36  3:44  Drone  
  36  3:45  Drone  
  39  4:01  Extractor, Drone x2  
  39  4:02  Drone x3  
  43  4:11  Drone x3  
  43  4:16  Baneling  
  43  4:17  Baneling x3  
  46  4:18  Zerg Missile Weapons Level 1  
  46  4:23  Extractor x2, Drone  
  46  4:24  Drone x3  
  46  4:28  Drone  
  46  4:29  Drone x2  
  52  4:31  Drone  
  52  4:39  Overlord  
  52  4:42  Lair  
  52  4:55  Queen  
  52  4:56  Overlord x3  
  54  5:06  Overlord x2  
  53  5:13  Overlord  
  53  5:17  Roach x6  
  64  5:29  Roach x4  
  72  5:39  Roach x5  
  72  5:42  Glial Reconstitution  
  82  6:02  Roach x8  
  82  6:14  Roach x5  
  82  6:22  Roach x4  
  86  6:30  Roach x3  
  88  6:36  Roach x2  
  88  6:42  Roach x2  
Show
View Real Time Build Order
Export as new Build Order

Cyfa Zerg - Winner!

Build Orders: Pool First, Roach Nydus 

Get SALT Encoding   

  12  0:00  Drone  
  13  0:08  Drone  
  14  0:20  Overlord  
  14  0:35  Drone, Spawning Pool  
  14  0:40  Drone  
  15  0:43  Drone  
  16  1:06  Hatchery  
  16  1:09  Drone  
  16  1:21  Queen  
  16  1:22  Zergling x2  
  19  1:27  Drone  
  20  1:34  Overlord  
  20  1:41  Extractor  
  20  1:45  Drone x2  
  21  1:55  Drone  
  21  1:57  Queen  
  24  2:06  Overlord  
  24  2:17  Overlord  
  24  2:18  Queen  
  24  2:19  Drone  
  26  2:28  Drone x2  
  26  2:29  Drone  
  29  2:32  Drone  
  30  2:41  Queen  
  32  2:48  Drone x2  
  34  2:56  Evolution Chamber  
  33  3:05  Evolution Chamber  
  32  3:07  Roach Warren  
  32  3:12  Lair  
  31  3:20  Drone x3  
  31  3:21  Drone  
  31  3:24  Drone  
  36  3:30  Drone  
  36  3:31  Drone x2  
  40  3:34  Drone  
  40  3:40  Drone x2  
  42  3:41  Drone  
  42  3:46  Zerg Missile Weapons Level 1  
  43  3:58  Extractor  
  43  3:59  Extractor  
  43  4:00  Extractor  
  43  4:01  Drone x3  
  43  4:03  Drone x3  
  43  4:04  Drone x2  
  43  4:07  Drone  
  43  4:09  Overlord  
  49  4:12  Glial Reconstitution  
  49  4:17  Drone x2  
  49  4:18  Drone  
  52  4:25  Overlord x2  
  52  4:32  Overlord  
  52  4:35  Roach x2  
  52  4:36  Roach  
  52  4:38  Roach  
  60  4:45  Nydus Network  
  60  4:50  Roach x2  
  60  4:52  Roach  
  65  4:54  Overlord  
  65  4:56  Roach  
  65  4:59  Roach  
  69  5:01  Roach  
  69  5:03  Roach  
  73  5:10  Roach x2  
  73  5:11  Roach  
  73  5:14  Roach  
  81  5:35  Nydus Canal  
  81  5:41  Roach x5  
  91  5:42  Overlord  
  91  5:43  Overlord x2  
  91  6:03  Roach x4  
  95  6:04  Nydus Canal  
  87  6:13  Roach  
  87  6:14  Roach x3  
  87  6:32  Roach x5  
  105  6:33  Roach x4  
  105  6:37  Nydus Canal  
Tags
 
League
Master
Matchup
ZvZ
Race
Zerg
Spawn Locations
Cross Positions
Strategy
Roach Nydus
Add a new tag
Caveats
  • Supply blocks, unpowered buildings, or Contaminate may cause inaccurate times.
  • Supply counts are checked every 10 seconds.